 Dungeon Crawl Stone Soup version 0.17-b1-15-g0f5fb43 (webtiles) character file.

4579 septik the Cruncher (level 10, -13/108 HPs)
             Began as a Demonspawn Gladiator on Nov 4, 2015.
             Was a Priest of Ru.
             Mangled by a komodo dragon (19 damage)
             ... on level 1 of the Lair of Beasts.
             The game lasted 00:39:25 (8898 turns).

septik the Cruncher (Demonspawn Gladiator)          Turns: 8898, Time: 00:39:25

Health: -13/108    AC: 25    Str: 16    XL:     10   Next: 18%
Magic:  10/10      EV:  2    Int: 10    God:    Ru [***...]
Gold:   420        SH:  0    Dex: 18    Spells: 0 memorised, 9 levels left

rFire  + + .     SeeInvis .     R - +1 whip (pain)
rCold  x . .     Clarity  +     (armour currently unavailable)
rNeg   + + +     SustAt   .     (no shield)
rPois  +         Gourm    .     (helmet currently unavailable)
rElec  .         Spirit   .     (cloak currently unavailable)
rCorr  .         Warding  .     (gloves currently unavailable)
rMut   .         NoTele   +     (boots currently unavailable)
MR     .....                    y - amulet of clarity
Stlth  ++........               S - ring of fire
                                m - ring of protection from fire

@: tree-form, not resistant to hostile enchantments, unstealthy
A: (hooves 0), thin skeletal structure 1, (spiny 0), inability to use devices
a: Draw Out Power, Renounce Religion


You were on level 1 of the Lair of Beasts.
You worshipped Ru.
Ru was most pleased with you.
You were near starving.
You were a tree.
You visited 2 branches of the dungeon, and saw 9 of its levels.
You also visited: Ossuary.

You collected 420 gold pieces.

Inventory:

Hand Weapons
 a - a +1 quarterstaff
 P - the +2 war axe of Blind Justice {flame, +Rage}
   (You found it on level 8 of the Dungeon)

   It has been specially enchanted to burn those struck by it, causing extra
   injury to most foes and up to half again as much damage against particularly
   susceptible opponents.
   Big, fiery blades are also staple armaments of hydra-hunters.
   It lets you go berserk.
 Q - a +1 whip of freezing
 R - a +1 whip of pain (weapon)
Missiles
 l - a throwing net (quivered)
Armour
 b - a +0 leather armour
 c - a +0 helmet (melded)
 g - a +0 ring mail
 p - a +2 buckler of reflection
 F - a +0 pair of boots (melded)
 J - a +1 cloak (melded)
 L - a +0 plate armour (melded)
Jewellery
 m - a ring of protection from fire (left branch)
 y - an amulet of clarity (around neck)
 S - a ring of fire (right branch)
Wands
 I - a wand of cold (3)
Scrolls
 f - 3 scrolls of identify
 h - 5 scrolls of magic mapping
 i - 5 scrolls of teleportation
 n - a scroll of enchant armour
 q - 3 scrolls of enchant weapon
 u - a scroll of blinking
 v - a scroll of amnesia
 A - 3 scrolls of remove curse
 G - 3 scrolls of noise
 M - 2 scrolls of immolation
Potions
 j - 2 potions of curing
 r - 3 potions of might
 s - 3 potions of poison
 t - a potion of ambrosia
 x - a potion of heal wounds
 z - 3 potions of brilliance
 B - a potion of resistance {unknown}
 D - 5 potions of haste {unknown}
 H - a potion of agility {unknown}
 N - a potion of lignification
Books
 d - Cigotuvi's Handbook of Unholy Rituals
   (You found it on level 7 of the Dungeon)

   Spells                             Type                      Level
   a - Animate Skeleton               Necromancy                   1
   b - Animate Dead                   Necromancy                   4
   c - Control Undead                 Necromancy                   4
   d - Bolt of Draining               Conjuration/Necromancy       5
 C - a book of Death

   Spells                             Type                      Level
   a - Corpse Rot                     Necromancy                   2
   b - Sublimation of Blood           Necromancy                   2
   c - Agony                          Necromancy                   5
   d - Dispel Undead                  Necromancy                   5
   e - Excruciating Wounds            Charms/Necromancy            5
   f - Bolt of Draining               Conjuration/Necromancy       5
 K - a book of Cantrips

   Spells                             Type                      Level
   a - Corona                         Hexes                        1
   b - Animate Skeleton               Necromancy                   1
   c - Summon Small Mammal            Summoning                    1
   d - Apportation                    Translocation                1
Comestibles
 e - a bread ration
 k - 6 meat rations
 o - 2 beef jerkies
 w - 2 slices of pizza
 E - 2 fruits
 O - a royal jelly


   Skills:
 + Level 4.2 Fighting
 * Level 1.3(8.0) Maces & Flails
 - Level 12.2 Staves
 - Level 1.7 Throwing
 + Level 3.1 Armour
 + Level 4.3 Dodging


You had 9 spell levels left.
You didn't know any spells.

Dungeon Overview and Level Annotations

Branches:
Dungeon (8/15)             Temple (0/1) D:6            Lair (1/8) D:8

Altars:
Dithmenos
Fedhas
Gozag
Okawaru
Ru
Zin
The Shining One

Shops:
D:6 !   D:8 ?


Innate Abilities, Weirdness & Mutations

((You have large cloven feet.))
You have a somewhat thin skeletal structure (Dex +2, Stealth).
((You are mostly covered in sharp spines.))
You cannot study or use magical devices.


Message History

You hit the komodo dragon.
The komodo dragon is heavily wounded.
The komodo dragon bites you but does no damage.
You hit the komodo dragon but do no damage.
The komodo dragon is heavily wounded.
The komodo dragon bites you!!
* * * LOW HITPOINT WARNING * * *
You focus your will and blind the komodo dragon in retribution!
You catch the helpless komodo dragon completely off-guard!
You hit the komodo dragon but do no damage.
The komodo dragon is heavily wounded.
The komodo dragon bites you!
* * * LOW HITPOINT WARNING * * *
You strike the helpless komodo dragon from behind!
You hit the komodo dragon but do no damage.
The komodo dragon is heavily wounded.
You hit the komodo dragon.
The komodo dragon is heavily wounded.
The komodo dragon bites you!!
You die...

...... #..##
......##..##
......#...#
.........##
......./## #####
..#......###...##
#.......#.....##
.................#
..............l♣<#
.................#
..###...###......#
.. #...# ####..##
#... ##.# .....
..# ... ... ...#


You could see a komodo dragon (blind).

Vanquished Creatures
  Pikel (D:7)
  A hill giant (D:8)
  A hippogriff (D:8)
  A water moccasin (Lair:1)
  2 orc warriors (D:8)
  2 porcupines (Lair:1)
  A black bear (D:7)
  2 sky beasts
  A slave (D:7)
  A centaur (D:7)
  An ice beast (D:5)
  5 ogres
  A giant frog (D:7)
  2 water moccasin zombies
  2 gnoll sergeants
  3 killer bees (D:7)
  12 wights
  3 scorpions
  A giant frog zombie (D:5)
  A quasit (D:7)
  2 crimson imps
  7 orc priests
  3 giant frog skeletons
  2 hounds
  3 jellies
  A centaur skeleton (D:8)
  A gnoll shaman (D:7)
  4 orc wizards (D:8)
  2 worker ants
  A big kobold zombie (Ossuary)
  2 hound skeletons
  2 mummies (Ossuary)
  18 gnolls
  6 adders
  3 adder zombies
  A worm (D:2)
  3 giant geckos
  22 orcs
  2 ball pythons
  3 giant cockroaches (D:3)
  5 gnoll zombies (Ossuary)
  3 hobgoblins
  2 kobolds
  6 quokkas
  A ball python skeleton (D:5)
  A bat (D:1)
  A giant gecko skeleton (D:4)
  5 giant newts
  8 goblins
  6 hobgoblin zombies (Ossuary)
  8 jackals
  A jackal skeleton (D:8)
  4 kobold zombies (Ossuary)
  6 orc zombies (Ossuary)
  10 rats
199 creatures vanquished.

Vanquished Creatures (others)
  3 slaves (D:7)
  A wight (D:7)
  An adder (D:7)
  An adder zombie (Ossuary)
6 creatures vanquished.

Grand Total: 205 creatures vanquished

Notes
Turn   | Place    | Note
--------------------------------------------------------------
     0 | D:1      | septik the Demonspawn Gladiator began the quest for the Orb.
     0 | D:1      | Reached XP level 1. HP: 16/16 MP: 1/1
    60 | D:1      | Reached skill level 3 in Staves
   391 | D:1      | Gained mutation: You have large cloven feet. [demonic ancestry]
   391 | D:1      | Reached XP level 2. HP: 20/22 MP: 2/2
  1027 | D:2      | Reached XP level 3. HP: 27/27 MP: 3/3
  1048 | D:2      | Found a blossoming altar of Fedhas.
  1343 | D:3      | Reached skill level 4 in Staves
  1584 | D:3      | Found an opulent altar of Gozag.
  1605 | D:3      | Found an iron altar of Okawaru.
  2188 | D:4      | Reached XP level 4. HP: 23/33 MP: 4/4
  2457 | D:4      | Reached skill level 5 in Staves
  2477 | D:3      | Found a sacrificial altar of Ru.
  2477 | D:3      | Found a shadowy altar of Dithmenos.
  2498 | D:3      | Became a worshipper of Ru the Awakened
  2528 | D:4      | Gained mutation: You are partially covered in sharp spines. [demonic ancestry]
  2528 | D:4      | Reached XP level 5. HP: 33/38 MP: 5/5
  2822 | D:5      | Entered Level 5 of the Dungeon
  2840 | D:5      | Noticed an ice beast
  2857 | D:5      | Killed an ice beast
  2857 | D:5      | Reached skill level 6 in Staves
  2857 | D:5      | Gained mutation: You have a somewhat thin skeletal structure (Dex +2, Stealth). [demonic ancestry]
  2857 | D:5      | Reached XP level 6. HP: 26/44 MP: 6/6
  2930 | D:5      | Found a sand-covered staircase.
  2935 | Ossuary  | Entered an ossuary
  3407 | D:5      | Reached skill level 7 in Staves
  3772 | D:5      | Reached XP level 7. HP: 44/50 MP: 7/7
  3838 | D:5      | Noticed an ogre
  3861 | D:5      | Killed an ogre
  4199 | D:6      | Reached skill level 8 in Staves
  4362 | D:6      | Found a staircase to the Ecumenical Temple.
  4496 | D:6      | Found Oschuum's Distillery.
  4688 | D:7      | Reached skill level 9 in Staves
  4688 | D:7      | Reached XP level 8. HP: 29/56 MP: 8/8
  4950 | D:7      | Noticed Pikel
  4972 | D:7      | Killed Pikel
  4972 | D:7      | Reached skill level 10 in Staves
  5542 | D:7      | Reached skill level 11 in Staves
  5542 | D:7      | Gained mutation: You are mostly covered in sharp spines. [demonic ancestry]
  5542 | D:7      | Reached XP level 9. HP: 44/61 MP: 9/9
  5772 | D:7      | Identified Cigotuvi's Handbook of Unholy Rituals
  6443 | D:7      | Found a glowing silver altar of Zin.
  6511 | D:8      | Noticed a hill giant
  6820 | D:7      | Reached skill level 12 in Staves
  7158 | D:8      | Gained mutation: You cannot study or use magical devices. [Ru sacrifice]
  7158 | D:8      | Reached * piety under Ru
  7158 | D:8      | Reached ** piety under Ru
  7158 | D:8      | Reached *** piety under Ru
  7166 | D:8      | Found Jacanoor's Magic Scroll Emporium.
  7199 | D:8      | Found a glowing golden altar of the Shining One.
  7328 | D:8      | Reached skill level 1 in Armour
  7748 | D:8      | Found a staircase to the Lair.
  7780 | D:8      | Killed a hill giant
  7780 | D:8      | Reached XP level 10. HP: 58/71 MP: 10/10
  8002 | D:8      | Got an ichor-stained war axe
  8003 | D:8      | Identified the cursed +2 war axe of Blind Justice {flame, +Rage} (You found it on level 8 of the Dungeon)
  8326 | Lair:1   | Entered Level 1 of the Lair of Beasts
  8371 | Lair:1   | Reached skill level 1 in Maces & Flails
  8898 | Lair:1   | Mangled by a komodo dragon

Action                   |  1- 3 |  4- 6 |  7- 9 | 10-12 || total
-------------------------+-------+-------+-------+-------++-------
Melee: Quarterstaff      |   144 |   156 |   308 |    16 ||   624
       Whip              |       |       |       |    57 ||    57
Throw: Throwing net      |     1 |     4 |     1 |       ||     6
Invok: Reject Sacrifices |       |       |     1 |       ||     1
       Sacrifice Artific |       |       |     1 |       ||     1
  Use: Potion            |     1 |     1 |     4 |     1 ||     7
       Scroll            |       |     2 |    14 |     1 ||    17
 Stab: Held in net/web   |     1 |     3 |     1 |       ||     5
       Sleeping          |       |     1 |     1 |       ||     2
       Invisible         |       |       |       |     2 ||     2
  Eat: Chunk             |     4 |     2 |     7 |     2 ||    15
       Bread ration      |       |     1 |     1 |       ||     2
